 Dungeon Crawl Stone Soup version 0.32-a0-468-g38b2580584 (webtiles) character file.

Game seed: 2902098168990264706

39753 shoop the Severer (level 13, -4/118 HPs)
             Began as a Mountain Dwarf Fighter on Feb 24, 2024.
             Was a High Priest of Beogh.
             Slain by a torpor snail (30 damage)
             ... on level 4 of the Lair of Beasts on Feb 25, 2024.
             The game lasted 00:52:47 (13919 turns).

shoop the Severer (Mountain Dwarf Fighter)         Turns: 13919, Time: 00:52:48

Health: -4/118     AC: 18    Str: 29    XL:     13   Next: 70%
Magic:  0/20       EV:  2    Int: 10    God:    Beogh [*****.]
Gold:   1391       SH:  0    Dex: 15    Spells: 12/12 levels left

rFire   . . .        g - +4 war axe (freeze)
rCold   . . .        c - +0 buckler
rNeg    . . .        F - +5 ring mail of the Tundras {rElec rPois Regen+ Stlth+}
rPois   +            n - +0 helmet
rElec   +            (no cloak)
rCorr   .            u - +0 pair of gloves
SInv    .            Y - +2 pair of boots {Fly}
Will    +++..        p - amulet of guardian spirit
Stlth   ++           R - ring of Stoicism {Will++ Dex+6 Slay+2}
HPRegen 1.19/turn    L - +6 ring of strength
MPRegen 0.17/turn

%: guardian spirit
@: sleeping, flying, slowed
A: walk on water, runic magic, artefact enchanting
a: Renounce Religion, Smiting, Recall Apostles, Blood for Blood, Dismiss Urtork,
wizard, Dismiss Spirok, warrior, Dismiss Arbolt, priest


You were on level 4 of the Lair of Beasts.
You worshipped Beogh.
Beogh was extremely pleased with you.
You visited 2 branches of the dungeon, and saw 16 of its levels.
You also visited: Bailey, Ice Cave and Volcano.

You collected 1391 gold pieces.

Inventory:

Hand Weapons
 g - a +4 war axe of freezing (weapon)
Missiles
 v - 6 boomerangs (quivered)
 x - 11 throwing nets
Armour
 c - a +0 buckler (worn)
 n - a +0 helmet (worn)
 u - a +0 pair of gloves (worn)
 F - the +5 ring mail of the Tundras (worn) {rElec rPois Regen+ Stlth+}
   (You found it on level 5 of the Dungeon)

   rElec:     It insulates you from electricity.
   rPois:     It protects you from poison Regen+: It increases your rate of
   health regeneration.
   Stlth+:    It makes you more stealthy.
 S - the +0 leather armour "Locuv" {rF+ rN+}
   (You found it on level 4 of the Lair of Beasts)

   rF+:       It protects you from fire.
   rN+:       It protects you from negative energy.
 X - the -2 helmet of the Sky {rElec rCorr}
   (You found it on level 10 of the Dungeon)

   rElec:     It insulates you from electricity.
   rCorr:     It protects you from acid and corrosion.
 Y - a +2 pair of boots of flying (worn)
Jewellery
 b - a ring of resist corrosion
 e - a ring of ice
 p - an amulet of guardian spirit (around neck)
 I - a ring of positive energy
 L - a +6 ring of strength (right hand)
 N - a +5 ring of evasion
 Q - the ring "Riorgh" {*Corrode rF+ rN+ Dex-5 SInv Stlth+}
   (You found it on level 9 of the Dungeon)

   [ring of see invisible]

   Dex-5:     It affects your dexterity (-5).
   rF+:       It protects you from fire.
   rN+:       It protects you from negative energy.
   SInv:      It lets you see invisible.
   *Corrode:  It may corrode you when you take damage.
   Stlth+:    It makes you more stealthy.
 R - the ring of Stoicism (left hand) {Will++ Dex+6 Slay+2}
   (You took it off a gnoll in a bailey)

   [ring of dexterity]

   Dex+6:     It affects your dexterity (+6).
   Slay+2:    It affects your accuracy & damage with ranged weapons and melee
   (+2).
   Will++:    It greatly increases your willpower.
Wands
 y - a wand of acid (8)
 A - a wand of digging (5)
 O - a wand of polymorph (14)
 V - a wand of roots (4)
 W - a wand of charming (7)
Scrolls
 a - 2 scrolls of amnesia {unknown}
 d - a scroll of noise {unknown}
 f - 5 scrolls of teleportation
 h - 2 scrolls of enchant armour
 j - 2 scrolls of fog
 q - 4 scrolls of enchant weapon
 C - a scroll of fear
 D - 3 scrolls of poison
 E - 2 scrolls of torment
 G - a scroll of silence {unknown}
 H - 4 scrolls of immolation
 J - 4 scrolls of blinking {unknown}
 K - 2 scrolls of butterflies
 M - 2 scrolls of acquirement
 Z - a scroll of revelation
Potions
 i - a potion of berserk rage {unknown}
 k - 4 potions of haste {unknown}
 l - 2 potions of enlightenment
 m - 2 potions of heal wounds
 o - 2 potions of ambrosia
 r - 5 potions of lignification {unknown}
 s - a potion of magic
 t - 6 potions of cancellation {unknown}
 w - 3 potions of attraction {unknown}
 z - a potion of brilliance
 B - 4 potions of curing
 P - 3 potions of mutation {unknown}
 U - a potion of invisibility
Miscellaneous
 T - a lightning rod (4/4)


   Skills:
 - Level 12.0 Fighting
 - Level 16.0 Axes
 - Level 2.0 Throwing
 - Level 10.0 Armour
 + Level 8.6 Dodging
 - Level 4.0 Shields
 - Level 10.0 Invocations
 - Level 6.0 Evocations


You had 12 spell levels left.
You didn't know any spells.
Your spell library contained the following spells:

 Spells                   Type           Power      Damage    Failure   Level
 Freeze                   Ice            0%         1d3       43%         1
 Slow                     Hex            0%         N/A       43%         1
 Summon Small Mammal      Summ           0%         N/A       43%         1
 Mercury Vapours          Alch/Air       0%         N/A       56%         2
 Call Canine Familiar     Summ           0%         N/A       80%         3
 Confusing Touch          Hex            0%         N/A       80%         3
 Frozen Ramparts          Ice            0%         1d1       80%         3
 Hailstorm                Conj/Ice       0%         3d5       80%         3
 Mephitic Cloud           Conj/Alch/Air  0%         N/A       80%         3
 Sigil of Binding         Hex            0%         N/A       80%         3
 Vampiric Draining        Necr           0%         2d6       80%         3
 Animate Dead             Necr           0%         N/A       99%         4
 Brom's Barrelling Bould  Conj/Erth      0%         2d3       99%         4
 Flame Wave               Conj/Fire      0%         2d4       99%         4
 Summon Blazeheart Golem  Fire/Summ      0%         N/A       99%         4
 Borgnjor's Vile Clutch   Necr/Erth      0%         N/A       100%        5
 Fireball                 Conj/Fire      0%         3d3       100%        5
 Freezing Cloud           Conj/Ice/Air   0%         6-21      100%        5
 Iskenderun's Battlesphe  Conj           0%         2d6       100%        5
 Silence                  Hex/Air        0%         N/A       100%        5
 Conjure Ball Lightning   Conj/Air       0%         3x3d6     100%        6
 Death Channel            Necr           0%         N/A       100%        6
 Haunt                    Necr/Summ      0%         N/A       100%        7
 Orb of Destruction       Conj           0%         9d5       100%        7
 Borgnjor's Revivificati  Necr           0%         N/A       100%        8
 Death's Door             Necr           0%         N/A       100%        9


Dungeon Overview and Level Annotations

Branches:
Dungeon (11/15)            Temple (0/1) D:6            Lair (5/5) D:9
  Swamp (0/4) Lair:2       Spider (0/4) Lair:2        Slime (0/5) Lair:4
 Bailey (visited)           IceCv (visited)         Volcano (visited)
    Orc: D:9-12

Altars:
Ashenzari
Nemelex Xobeh
Okawaru
Qazlal
Ru
Trog
Wu Jian
Yredelemnul
Jiyva

Annotations:
D:6 Edmund


Innate Abilities, Weirdness & Mutations

You can walk on water.
Your facial features are unmistakably orcish.
Your spellcasting is much less encumbered by armour.
You can use scrolls of enchantment on lesser artefacts.


Message History

You slash the torpor snail! You freeze the torpor snail.
You barely miss the dream sheep. You hit the dream sheep.
You freeze the dream sheep.
The dream sheep headbutts you but does no damage.
The torpor snail bites you!
The seven-headed hydra bites you but does no damage.
The seven-headed hydra barely misses you.
You block the seven-headed hydra's attack.
The seven-headed hydra bites you.
* * * LOW HITPOINT WARNING * * *
The seven-headed hydra closely misses you.
You block the seven-headed hydra's attack.
The seven-headed hydra bites you!
* * * LOW HITPOINT WARNING * * *
The dream sheep closely misses you.
The dream sheep headbutts you but does no damage.
Unknown command.
Spirok hits the seven-headed hydra with a +2 great sword of holy wrath!
The seven-headed hydra bites Spirok but does no damage.
The seven-headed hydra completely misses Spirok.
The seven-headed hydra bites Spirok!
The seven-headed hydra closely misses Spirok.
The seven-headed hydra bites Spirok!
The seven-headed hydra bites Spirok but does no damage.
The seven-headed hydra misses Spirok.
Unknown command.
Aiming: Smiting
Press: ? - help, Dir - move target, f - seven-headed hydra Smite: a seven-headed hydra (almost dead, slow, ally target, target of orcish vengeance)
You smite the seven-headed hydra!!
You kill the seven-headed hydra!
Beogh accepts your kill. The dream sheep closely misses you.
The dream sheep shake their wool and sparkle.
You feel drowsy...
You fall asleep.
Spirok hits the dream sheep with a +2 great sword of holy wrath!
The dream sheep dies!
Beogh accepts your kill. The torpor snail bites you!!
You die...

.####..........##
## #...........###
# ###......#P...# #
##....###..##
#......#...#
##.........#####
###
#.##........##[###
##..
#####......w#....##
#...
##....@†......#
##.o #....oY.[....#
###
##.#..†......###
####
####..^.......#
##...
#.........####...o
#...........##....
##..#.......#..#o.
##.........##..##
###.......###..#


You could see a torpor snail (target of vengeance), a dream sheep (target of
vengeance) and the friendly Spirok the orc apostle (slow).

Vanquished Creatures
  Snorg (D:10)
  2 hydras
  3 anaconda skeletons (Volcano)
  An ugly thing (IceCv)
  2 black mambas
  3 ice statues (IceCv)
  4 gargoyles (Volcano)
  2 unseen horror zombies (D:9)
  Maggie (D:10)
  7 cane toads
  Jeremiah (Lair:1)
  3 rime drakes
  4 kobold demonologists
  8 komodo dragons
  A freezing wraith (IceCv)
  3 trolls
  A polar bear (Lair:1)
  A harpy skeleton (Volcano)
  A blink frog (Lair:5)
  2 hornets
  A jumping spider (Lair:2)
  2 wyverns
  A dire elephant simulacrum (IceCv)
  2 wraiths
  A steam dragon (D:7)
  Grum (Bailey)
  3 basilisks
  31 yaks
  2 death yak simulacra (IceCv)
  2 harpy simulacra (IceCv)
  2 water moccasins (Lair:4)
  Duvessa (D:4)
  A hornet zombie (D:9)
  An ice beast (D:6)
  5 sky beasts
  A laughing skull (Volcano)
  2 black bears
  2 ogres
  4 orc warriors
  9 wolves
  5 centaurs
  2 kobold brigands (D:8)
  A weeping skull (Volcano)
  7 bullfrogs
  8 gnoll sergeants
  2 scorpions
  A cane toad simulacrum (IceCv)
  17 wights
  Dowan (D:4)
  4 killer bees (D:9)
  A troll skeleton (Volcano)
  6 howler monkeys
  3 bombardier beetles
  10 orc priests
  3 centaur zombies (D:9)
  4 jellies
  7 gnoll boudas
  4 hounds
  2 iguanas (D:5)
  3 orc wizards
  2 wolf simulacra (IceCv)
  23 gnolls
  9 adders
  2 white imps
  2 ufetubi (D:7)
  2 dart slugs (D:5)
  4 ribbon worms
  21 orcs
  11 ball pythons
  14 endoplasms
  3 giant cockroaches
  10 goblins
  8 hobgoblins
  10 kobolds
  3 quokkas
  6 bats
  A frilled lizard (D:3)
  8 rats
355 creatures vanquished.

Vanquished Creatures (collateral kills)
  Josephine (Lair:5)
  A hydra (Lair:5)
  Nergalle (D:10)
  2 skeletal warriors (Volcano)
  A skyshark (Lair:4)
  An alligator skeleton (Volcano)
  A gargoyle (Volcano)
  3 black mambas
  3 rime drakes
  3 komodo dragons
  Psyche (D:9)
  2 polar bears (Lair:5)
  5 blink frogs (Lair:5)
  A dream sheep (Lair:4)
  A harpy skeleton (Volcano)
  2 jumping spiders (Lair:2)
  A dire elephant simulacrum (IceCv)
  3 wraiths (Lair:5)
  12 yaks
  2 water moccasins
  A laughing skull (Volcano)
  2 wolves (Lair:5)
  4 bullfrogs
  An elephant simulacrum (IceCv)
  A troll skeleton (Volcano)
  An electric eel (Lair:1)
  3 naga skeletons (Volcano)
  3 endoplasms (Lair:4)
  3 kobolds (D:10)
66 creatures vanquished.

Vanquished Creatures (others)
  4 orc apostles
  An orc wizard (D:4)
  2 orcs
7 creatures vanquished.

Grand Total: 428 creatures vanquished

Notes
Turn   | Place    | Note
-------+----------+-------------------------------------------
     0 | D:1      | shoop the Mountain Dwarf Fighter began the quest for the
                  | Orb.
     0 | D:1      | Reached XP level 1. HP: 19/19 MP: 1/1
   160 | D:1      | Reached XP level 2. HP: 25/26 MP: 2/2
   412 | D:1      | Reached skill level 3 in Axes
   772 | D:2      | Reached XP level 3. HP: 31/31 MP: 3/3
   951 | D:2      | Reached skill level 4 in Axes
  1216 | D:2      | Found a broken altar of Ashenzari.
  1276 | D:2      | Reached XP level 4. HP: 36/38 MP: 4/4
  1298 | D:2      | Found a faded altar of an unknown god.
  1425 | D:3      | Reached skill level 5 in Axes
  1538 | D:3      | Found a broken altar of Ashenzari.
  2050 | D:4      | Noticed Duvessa
  2064 | D:4      | Killed Duvessa
  2065 | D:4      | Reached skill level 6 in Axes
  2065 | D:4      | Reached skill level 1 in Throwing
  2065 | D:4      | Reached XP level 5. HP: 19/45 MP: 1/5
  2090 | D:4      | Noticed Dowan
  2098 | D:4      | Killed Dowan
  2178 | D:4      | Found a bloodstained altar of Trog.
  2178 | D:4      | Found a sacrificial altar of Ru.
  2178 | D:4      | Found a stormy altar of Qazlal.
  2276 | D:4      | Reached XP level 6. HP: 51/51 MP: 6/6
  2298 | D:4      | Reached skill level 7 in Axes
  2320 | D:4      | HP: 1/51 [gnoll/+0 halberd[a gnoll sergeant] (3)]
  2621 | D:4      | Found a basalt altar of Yredelemnul.
  3170 | D:4      | Reached skill level 1 in Evocations
  3260 | D:4      | Reached skill level 8 in Axes
  3294 | D:4      | Reached XP level 7. HP: 17/57 MP: 2/7
  3633 | D:5      | Entered Level 5 of the Dungeon
  3714 | D:5      | Reached skill level 9 in Axes
  3900 | D:5      | Reached skill level 10 in Axes
  3900 | D:5      | Reached XP level 8. HP: 55/63 MP: 6/8
  4055 | D:5      | Identified the +5 ring mail of the Tundras {rElec rPois
                  | Regen+ Stlth+}
  4724 | D:5      | Reached skill level 11 in Axes
  4791 | D:5      | Became a worshipper of Beogh the Shepherd
  4917 | D:6      | Found a sparkling altar of Nemelex Xobeh.
  5002 | D:6      | Found a staircase to the Ecumenical Temple.
  5059 | D:6      | Identified the +3 ring mail of Quantum Leap {Rampage rElec
                  | rC+ MP-9}
  5315 | D:6      | Reached skill level 12 in Axes
  5440 | D:6      | Noticed Edmund
  5624 | D:7      | Identified the +2 leather armour of Gluttony {Will+}
  5671 | D:7      | Reached XP level 9. HP: 65/70 MP: 5/9
  5709 | D:7      | Found an ornate altar of the Wu Jian Council.
  5717 | D:7      | Reached skill level 13 in Axes
  5816 | D:7      | Found an iron altar of Okawaru.
  5819 | D:7      | Reached * piety under Beogh
  6053 | D:7      | Identified a scroll of acquirement
  6117 | D:8      | Noticed a kobold demonologist
  6415 | D:8      | Reached skill level 14 in Axes
  6457 | D:8      | Noticed a kobold demonologist
  6457 | D:8      | Noticed a kobold demonologist
  6510 | D:8      | Killed a kobold demonologist
  6527 | D:8      | Killed a kobold demonologist
  6528 | D:8      | Reached skill level 15 in Axes
  6555 | D:8      | Killed a kobold demonologist
  6580 | D:8      | Reached skill level 16 in Axes
  6580 | D:8      | Reached XP level 10. HP: 78/78 MP: 10/10
  7110 | D:9      | Reached skill level 5 in Fighting
  7113 | D:9      | Noticed Psyche
  7186 | D:9      | Found Utyoch's General Store.
  7195 | D:9      | Found a staircase to the Lair.
  7207 | D:9      | Reached ** piety under Beogh
  7308 | D:9      | Reached skill level 1 in Invocations
  7458 | D:9      | Found a flagged portal.
  7514 | D:9      | Reached skill level 5 in Invocations
  7588 | D:9      | Identified the ring "Riorgh" {*Corrode rF+ rN+ Dex-5 SInv
                  | Stlth+}
  7663 | Bailey   | Entered a bailey
  7798 | Bailey   | Reached *** piety under Beogh
  7862 | Bailey   | Identified the ring of Stoicism {Will++ Dex+6 Slay+2}
  7902 | Bailey   | Got the Almanac of the Volatile Zephyr
  7931 | Bailey   | Noticed Grum
  8007 | Bailey   | Killed Grum
  8008 | Bailey   | Reached skill level 1 in Dodging
  8265 | D:9      | Noticed Urtork
  8279 | D:9      | Anointed Urtork the wizard as your apostle
  8482 | D:9      | Killed Psyche
  8659 | D:10     | Entered Level 10 of the Dungeon
  8707 | D:10     | Reached XP level 11. HP: 92/92 MP: 16/16
  8839 | D:10     | Noticed Snorg
  9047 | D:10     | Reached skill level 5 in Armour
  9073 | D:10     | Noticed Nergalle
  9082 | D:10     | Killed Nergalle
  9097 | D:10     | Identified the -2 helmet of the Sky {rElec rCorr}
  9321 | D:10     | Reached **** piety under Beogh
  9365 | D:10     | Noticed Maggie
  9373 | D:10     | Killed Maggie
  9426 | D:10     | Killed Snorg
  9427 | D:10     | Reached skill level 5 in Evocations
  9467 | D:11     | Noticed a red ugly thing
  9491 | Lair:1   | Entered Level 1 of the Lair of Beasts
  9561 | Lair:1   | Anointed Spirok the warrior as your apostle
  9698 | Lair:1   | Your ally Urtork died
  9706 | Lair:1   | Reached skill level 10 in Fighting
  9710 | Lair:1   | Reached skill level 5 in Dodging
  9909 | Lair:1   | Reached XP level 12. HP: 102/106 MP: 14/17
 10027 | Lair:1   | Noticed Jeremiah
 10034 | Lair:1   | Killed Jeremiah
 10222 | Lair:2   | Found a hole to the Spider Nest.
 10222 | Lair:2   | You fall into a shaft and drop 1 floor!
 10318 | Lair:3   | Found a frozen archway.
 10327 | IceCv    | Entered an ice cave
 10781 | IceCv    | Your ally Urtork died
 11077 | Lair:3   | Noticed Arbolt
 11084 | Lair:3   | Anointed Arbolt the priest as your apostle
 11207 | Lair:2   | Found a staircase to the Swamp.
 11307 | Lair:2   | Noticed a seven-headed hydra
 11310 | Lair:2   | Killed a seven-headed hydra
 12283 | Lair:4   | Found a staircase to the Slime Pits.
 12286 | Lair:4   | Found a viscous altar of Jiyva.
 12328 | Lair:4   | Identified the +0 leather armour "Locuv" {rF+ rN+}
 12469 | Lair:4   | Found a dark tunnel.
 12474 | Volcano  | Entered a volcano
 12790 | Volcano  | Reached XP level 13. HP: 93/116 MP: 17/20
 13047 | Volcano  | Reached skill level 10 in Invocations
 13592 | Lair:5   | Entered Level 5 of the Lair of Beasts
 13605 | Lair:5   | Reached ***** piety under Beogh
 13727 | Lair:5   | Reached skill level 10 in Armour
 13738 | Lair:5   | Your ally Urtork died
 13744 | Lair:5   | Noticed Josephine
 13752 | Lair:5   | Killed Josephine
 13843 | Lair:5   | Your ally Arbolt died
 13919 | Lair:4   | Slain by a torpor snail

Illustrated notes

Levels and vault maps discovered:
D:1:      dpeg_arrival_lava_temple_mockup, layout_basic,
          minmay_misc_feat_encased
D:2:      layout_basic, hellmonk_ecumenical_altar_prayer_group, basic_altar,
          amcnicky_mini_rare_corridor_liquid
D:3:      layout_loops_ring, ashenzari_altar_1
D:4:      layout_basic, old_standard_altar,
          chequers_temple_overflow_statue_of_worship, portal_sewer_entry_b,
          uniq_duvessa
D:5:      layout_loops_corners
D:6:      layout_cave_pods, mainiacjoe_overflow_24_doors,
          minmay_temple_entry_sparse_star, uniq_edmund
D:7:      layout_rooms, mainiacjoe_overflow_six_doors_small,
          okawaru_altar_gauntlet_db
D:8:      layout_basic, minivault_27, st_stairs_1
D:9:      layout_long_grid, lair_entry_dummy, serial_undead, serial_undead_d,
          serial_undead_c, serial_undead_e, serial_undead_f, serial_undead_c,
          serial_undead_c, serial_undead_f, enter_bailey_3, serial_shops, shop,
          uniq_psyche
D:10:     layout_stronghold, nicolae_figureground_pulse, uniq_nergalle,
          uniq_snorg, uniq_maggie
D:11:     layout_irregular_city, serial_demonic, serial_demonic_a,
          serial_demonic_f, serial_demonic_c, serial_demonic_c,
          serial_demonic_g, serial_demonic_e, serial_demonic_c, minmay_bent,
          uniq_grum, uniq_fannar
Lair:1:   layout_cave_shapes, serial_bayou_shore_a, uniq_jeremiah
Lair:2:   layout_cave_pods, swamp_mist_pool, spider_nest_entry_a
Lair:3:   layout_regular_city, portal_ice_cave_entry_pillars_2
Lair:4:   layout_hall_layers, nicolae_slime_entry_slimehenge,
          nicolae_volcano_entry_s_turn
Lair:5:   gammafunk_lair_ancient_temple, layout_hall_layers, uniq_josephine

Skill      XL: |  1  2  3  4  5  6  7  8  9 10 11 12 13 |
---------------+----------------------------------------+-----
Axes           | 3 4 6 8 10 12 16 | 16.0
Throwing       | 1 2 |  2.0
Evocations     | 1 3 6 |  6.0
Shields        | 4 |  4.0
Fighting       | 7 10 11 12 | 12.0
Invocations    | 7 9 10 | 10.0
Armour         | 4 5 8 10 | 10.0
Dodging        | 1 5 6 8 |  8.6

Action                     |  1- 3 |  4- 6 |  7- 9 | 10-12 | 13-15 || total
---------------------------+-------+-------+-------+-------+-------++-------
  Melee: War axe           |   111 |   181 |   301 |   569 |   125 ||  1287
  Throw: Boomerang         |       |     1 |     2 |       |       ||     3
 Invoke: Convert to Beogh  |       |       |     1 |       |       ||     1
         Recruit Apostle   |       |       |       |     3 |       ||     3
         Recall Apostles   |       |       |       |     9 |     3 ||    12
         Smiting           |       |       |       |     7 |     1 ||     8
  Evoke: Lightning rod     |       |       |       |     3 |       ||     3
    Use: Potion            |       |     1 |       |       |       ||     1
         Scroll            |       |       |    12 |     4 |     3 ||    19
   Stab: Sleeping          |       |       |     2 |     3 |       ||     5
         Distracted        |       |       |     1 |     8 |     2 ||    11
 Armour: Scale mail        |    23 |       |       |       |       ||    23
         Chain mail        |    59 |   179 |    51 |       |       ||   289
         Ring mail         |       |       |   149 |   379 |   154 ||   682
  Dodge: Dodged            |    57 |    57 |   127 |   207 |   105 ||   553
  Block: Buckler           |    14 |    40 |    77 |    89 |    39 ||   259

Table legend: (Time is in decaauts)
 A = Elapsed time spent in this place.
 B = Non-inter-level travel time spent in this place.
 C = Inter-level travel time spent in this place.
 D = Time resting spent in this place.
 E = Time spent auto-exploring this place.
 F = Levels seen in this place.
 G = Mean time per level.
                   A        B        C        D        E       F      G
               +--------+--------+--------+--------+--------+-----+--------+
         Total |  13814 |  13278 |    536 |    880 |   8222 |  19 |  727.1 |
       Dungeon |   8931 |   8568 |    363 |    213 |   6018 |  11 |  811.9 |
          Lair |   2949 |   2776 |    173 |     64 |   1947 |   5 |  589.8 |
        Bailey |    544 |    544 |      0 |     91 |    137 |   1 |  544.0 |
      Ice Cave |    600 |    600 |      0 |    289 |      0 |   1 |  600.0 |
       Volcano |    789 |    789 |      0 |    222 |    120 |   1 |  789.0 |
               +--------+--------+--------+--------+--------+-----+--------+

Top non-repeatable levels by time:
     D:4: 1613 daAuts
     D:5: 1101 daAuts
     D:9: 1013 daAuts
     D:8: 911 daAuts
     D:6: 876 daAuts
  Lair:3: 809 daAuts
 Volcano: 789 daAuts
     D:1: 774 daAuts
    D:10: 765 daAuts
  Lair:2: 740 daAuts
     D:2: 681 daAuts
     D:3: 638 daAuts
  Lair:4: 615 daAuts
   IceCv: 600 daAuts
  Lair:1: 566 daAuts
